TOP OF THE 1ST |
Houston BC batting - Pitching for Gryfindor Braves : LHP Jorge Cedeño
|
Pitching: LHP Jorge Cedeño
|
|
Batting: RHB Habbo Allaart
|
0-0: Ball 1-0: Called Strike 1-1: Ball 2-1: Ball 3-1: Base on Balls
|
Batting: RHB Chris Harrell
|
0-0: Ball 1-0: Ball 2-0: Ball 3-0: Called Strike 3-1: Swinging Strike 3-2: Foul Ball, location: 2F 3-2: Foul Ball, location: 2F 3-2: Base on Balls Habbo Allaart to second
|
Batting: RHB Dennis Morrow
|
0-0: Ball Throwing error on steal attempt, E2 Habbo Allaart scores Chris Harrell to third 1-0: SINGLE (Flyball, 7S) Chris Harrell scores
|
Batting: RHB Phil Dougherty
|
0-0: Foul Ball, location: 2F 0-1: Called Strike 0-2: Ball 1-2: Strikes out swinging
|
Batting: SHB Ricardo Pérez
|
0-0: Ball 1-0: Foul Ball, location: 2F 1-1: Swinging Strike 1-2: Strikes out looking
|
Batting: RHB Marvin Hayes
|
0-0: Fielders Choice at 2nd, 6-4 (Groundball, 6)
|
Top of the 1st over - 2 runs, 1 hit, 1 error, 1 left on base; Houston 2 - Gryfindor 0 |
BOTTOM OF THE 1ST |
Gryfindor Braves batting - Pitching for Houston BC : LHP Roosevelt Tuttle
|
Pitching: LHP Roosevelt Tuttle
|
|
Batting: RHB Damon Newbold
|
0-0: Called Strike 0-1: Ball 1-1: Ball 2-1: Called Strike 2-2: Foul Ball, location: 2F 2-2: Foul Ball, location: 2F 2-2: Ball 3-2: Base on Balls
|
Batting: RHB Roy Herring
|
0-0: Ball 1-0: Called Strike 1-1: Ball 2-1: Fly out, F9 (Flyball, 9D)
|
Batting: RHB Paul Penrice
|
0-0: Ball 1-0: Swinging Strike 1-1: Ground out 6-3 (Groundball, 56D) Damon Newbold to second
|
Batting: LHB Micheal Garren
|
0-0: Called Strike 0-1: Ball 1-1: Ball 2-1: Foul Ball, location: 2F 2-2: SINGLE (Flyball, 6MD) Damon Newbold to third Runner from 3rd tries for Home, SAFE, no throw
|
Batting: RHB Gonzalo Ángel
|
0-0: Ball 1-0: Ball 2-0: Called Strike 2-1: Ball 3-1: Base on Balls Micheal Garren to second
|
Batting: LHB Cris Gonzáles
|
0-0: Called Strike 0-1: Ball 1-1: Called Strike 1-2: SINGLE (Groundball, 34D) Micheal Garren to third Gonzalo Ángel to second Runner from 3rd tries for Home, SAFE, no throw
|
Batting: RHB Javier López
|
0-0: Ball 1-0: Foul Ball, location: 2F 1-1: Foul Ball, location: 2F 1-2: Foul Ball, location: 2F 1-2: Fielders Choice at 2nd, 6-4 (Groundball, 6)
|
Bottom of the 1st over - 2 runs, 2 hits, 0 errors, 2 left on base; Houston 2 - Gryfindor 2 |
TOP OF THE 2ND |
Houston BC batting - Pitching for Gryfindor Braves : LHP Jorge Cedeño
|
Batting: LHB Lee Hart
|
0-0: Ball 1-0: Called Strike 1-1: Ball 2-1: Ball 3-1: Foul Ball, location: 2F 3-2: Ground out 4-3 (Groundball, 34)
|
Batting: RHB George Zeek
|
0-0: Ball 1-0: Foul Ball, location: 2F 1-1: Ball 2-1: Swinging Strike 2-2: Ground out 5-3 (Groundball, 56S)
|
Batting: LHB Dawit Lihalakha
|
0-0: Ball 1-0: Ball 2-0: Called Strike 2-1: Called Strike 2-2: Strikes out looking
|
Top of the 2nd over - 0 runs, 0 hits, 0 errors, 0 left on base; Houston 2 - Gryfindor 2 |
BOTTOM OF THE 2ND |
Gryfindor Braves batting - Pitching for Houston BC : LHP Roosevelt Tuttle
|
Batting: RHB Jeff Green
|
0-0: Ball 1-0: Ball 2-0: Called Strike 2-1: Ball 3-1: Swinging Strike 3-2: Base on Balls
|
Batting: LHB Kyung-chor Pang
|
0-0: Foul Ball, location: 2F 0-1: Foul Ball, location: 2F 0-2: Ball 1-2: Ball 2-2: Ball 3-2: SINGLE (Line Drive, 56D) Jeff Green to second
|
Batting: RHB Damon Newbold
|
0-0: Ball 1-0: Foul Ball, location: 2F 1-1: Swinging Strike 1-2: Ball 2-2: Foul Ball, location: 2F 2-2: Foul Ball, location: 2F 2-2: Grounds into double play, 5-4-3 (Groundball, 56) Jeff Green to third
|
Batting: RHB Roy Herring
|
0-0: Swinging Strike 0-1: Fly out, F7 (Flyball, 7LSF)
|
Bottom of the 2nd over - 0 runs, 1 hit, 0 errors, 1 left on base; Houston 2 - Gryfindor 2 |
TOP OF THE 3RD |
Houston BC batting - Pitching for Gryfindor Braves : LHP Jorge Cedeño
|
Batting: RHB Habbo Allaart
|
0-0: SINGLE (Flyball, 7LM)
|
Batting: RHB Chris Harrell
|
0-0: Ball 1-0: Swinging Strike 1-1: Ball Habbo Allaart steals 2nd base 2-1: Ball 3-1: Reached on error, E5 (Groundball, 56) Habbo Allaart to third
|
Batting: RHB Dennis Morrow
|
0-0: Called Strike 0-1: Ball 1-1: Ball 2-1: Foul Ball, location: 2F 2-2: Strikes out looking
|
Batting: RHB Phil Dougherty
|
0-0: Called Strike 0-1: Ball 1-1: Fly out, F9 (Flyball, 9) Runner from 3rd tags up, OUT at HOME
|
Top of the 3rd over - 0 runs, 1 hit, 1 error, 1 left on base; Houston 2 - Gryfindor 2 |
BOTTOM OF THE 3RD |
Gryfindor Braves batting - Pitching for Houston BC : LHP Roosevelt Tuttle
|
Batting: RHB Paul Penrice
|
0-0: Ball 1-0: Foul Ball, location: 2F 1-1: Foul Ball, location: 2F 1-2: Strikes out looking
|
Batting: LHB Micheal Garren
|
0-0: Called Strike 0-1: SINGLE (Line Drive, 89S)
|
Batting: RHB Gonzalo Ángel
|
0-0: Ball 1-0: Ball 2-0: Called Strike 2-1: Ball 3-1: Base on Balls Micheal Garren to second
|
Batting: LHB Cris Gonzáles
|
0-0: Called Strike 0-1: Ball 1-1: Foul Ball, location: 2F 1-2: Ball 2-2: 3-RUN HOME RUN (Flyball, 7D), Distance : 367 ft
|
Batting: RHB Javier López
|
0-0: Ball 1-0: Called Strike 1-1: Ground out U3 (Groundball, 3L)
|
Batting: RHB Jeff Green
|
0-0: Swinging Strike 0-1: SINGLE (Groundball, 34S) (infield hit)
|
Batting: LHB Kyung-chor Pang
|
0-0: Called Strike 0-1: Ground out 1-3 (Groundball, 13S)
|
Bottom of the 3rd over - 3 runs, 3 hits, 0 errors, 1 left on base; Houston 2 - Gryfindor 5 |
TOP OF THE 4TH |
Houston BC batting - Pitching for Gryfindor Braves : LHP Jorge Cedeño
|
Batting: SHB Ricardo Pérez
|
0-0: Called Strike 0-1: Foul Ball, location: 2F 0-2: Ground out 5-3 (Groundball, 56D)
|
Batting: RHB Marvin Hayes
|
0-0: Ball 1-0: Swinging Strike 1-1: Called Strike 1-2: Foul Ball, location: 2F 1-2: Foul Ball, location: 2F 1-2: Strikes out swinging
|
Batting: LHB Lee Hart
|
0-0: Called Strike 0-1: Ball 1-1: Foul Ball, location: 2F 1-2: Foul Ball, location: 2F 1-2: Ball 2-2: Strikes out looking
|
Top of the 4th over - 0 runs, 0 hits, 0 errors, 0 left on base; Houston 2 - Gryfindor 5 |
BOTTOM OF THE 4TH |
Gryfindor Braves batting - Pitching for Houston BC : LHP Roosevelt Tuttle
|
Batting: RHB Damon Newbold
|
0-0: SINGLE (Groundball, 6MD)
|
Batting: RHB Roy Herring
|
0-0: Ball 1-0: Called Strike 1-1: Swinging Strike 1-2: Foul Ball, location: 2F 1-2: Foul Ball, location: 2F 1-2: Grounds into double play, 6-4-3 (Groundball, 6)
|
Batting: RHB Paul Penrice
|
0-0: Ball 1-0: Ball 2-0: Ball 3-0: Called Strike 3-1: Ground out 6-3 (Groundball, 6)
|
Bottom of the 4th over - 0 runs, 1 hit, 0 errors, 0 left on base; Houston 2 - Gryfindor 5 |
TOP OF THE 5TH |
Houston BC batting - Pitching for Gryfindor Braves : LHP Jorge Cedeño
|
Batting: RHB George Zeek
|
0-0: Called Strike 0-1: Foul Ball, location: 2F 0-2: Foul Ball, location: 2F 0-2: Ball 1-2: Ball 2-2: Fly out, F9 (Flyball, 9D)
|
Batting: LHB Dawit Lihalakha
|
0-0: Ball 1-0: Fly out, F8 (Flyball, 8LS)
|
Batting: RHB Habbo Allaart
|
0-0: Fly out, F8 (Line Drive, 8RM)
|
Top of the 5th over - 0 runs, 0 hits, 0 errors, 0 left on base; Houston 2 - Gryfindor 5 |
BOTTOM OF THE 5TH |
Gryfindor Braves batting - Pitching for Houston BC : LHP Roosevelt Tuttle
|
Batting: LHB Micheal Garren
|
0-0: Ground out 6-3 (Groundball, 6M)
|
Batting: RHB Gonzalo Ángel
|
0-0: Ground out 1-3 (Groundball, P)
|
Batting: LHB Cris Gonzáles
|
0-0: Foul Ball, location: 2F 0-1: Fly out, F7 (Flyball, 7S)
|
Bottom of the 5th over - 0 runs, 0 hits, 0 errors, 0 left on base; Houston 2 - Gryfindor 5 |
TOP OF THE 6TH |
Houston BC batting - Pitching for Gryfindor Braves : LHP Jorge Cedeño
|
Batting: RHB Chris Harrell
|
0-0: Ball 1-0: SOLO HOME RUN (Line Drive, 78D), Distance : 418 ft
|
Batting: RHB Dennis Morrow
|
0-0: Foul Ball, location: 2F 0-1: Called Strike 0-2: Ball 1-2: Foul Ball, location: 2F 1-2: Foul Ball, location: 2F 1-2: Strikes out swinging
|
Batting: RHB Phil Dougherty
|
0-0: Foul Ball, location: 2F 0-1: Called Strike 0-2: Foul Ball, location: 2F 0-2: Ball 1-2: Fly out, F7 (Flyball, 7S)
|
Batting: SHB Ricardo Pérez
|
0-0: Ball 1-0: Ball 2-0: Foul Ball, location: 2F 2-1: Ball 3-1: Ground out 5-3 (Groundball, 56)
|
Top of the 6th over - 1 run, 1 hit, 0 errors, 0 left on base; Houston 3 - Gryfindor 5 |
BOTTOM OF THE 6TH |
Gryfindor Braves batting - Pitching for Houston BC : LHP Roosevelt Tuttle
|
Pitching: LHP Jamie Scott
|
|
Batting: RHB Javier López
|
0-0: Ball 1-0: Ball 2-0: Called Strike 2-1: Swinging Strike 2-2: Foul Ball, location: 2F 2-2: Ball 3-2: Base on Balls
|
Batting: RHB Jeff Green
|
0-0: Ball 1-0: Ball 2-0: Bunted foul 2-1: Bunted foul 2-2: Ball 3-2: Ground out 6-3 (Groundball, 6) Javier López to second
|
Batting: LHB Kyung-chor Pang
|
0-0: Foul Ball, location: 2F 0-1: Foul Ball, location: 2F 0-2: 2-RUN HOME RUN (Line Drive, 9D), Distance : 389 ft
|
Pitching: LHP Stanton Miranda
|
|
Batting: RHB Damon Newbold
|
0-0: Ball 1-0: Called Strike 1-1: Swinging Strike 1-2: Ball 2-2: Fly out, F4 (Popup, 4)
|
Batting: RHB Roy Herring
|
0-0: Ground out 4-3 (Groundball, 4)
|
Bottom of the 6th over - 2 runs, 1 hit, 0 errors, 0 left on base; Houston 3 - Gryfindor 7 |
TOP OF THE 7TH |
Houston BC batting - Pitching for Gryfindor Braves : LHP Jorge Cedeño
|
Batting: RHB Marvin Hayes
|
0-0: Ball 1-0: Ground out 6-3 (Groundball, 56)
|
Batting: LHB Lee Hart
|
0-0: Called Strike 0-1: Fly out, F7 (Flyball, 78M)
|
Batting: RHB George Zeek
|
0-0: Swinging Strike 0-1: Foul Ball, location: 2F 0-2: Ball 1-2: Foul Ball, location: 2F 1-2: Foul Ball, location: 2F 1-2: Foul Ball, location: 2F 1-2: Strikes out looking
|
Top of the 7th over - 0 runs, 0 hits, 0 errors, 0 left on base; Houston 3 - Gryfindor 7 |
BOTTOM OF THE 7TH |
Gryfindor Braves batting - Pitching for Houston BC : LHP Stanton Miranda
|
Batting: RHB Paul Penrice
|
0-0: Ball 1-0: Ball 2-0: Ball 3-0: Called Strike 3-1: Base on Balls
|
Batting: LHB Micheal Garren
|
0-0: Ball 1-0: Called Strike 1-1: Ball 2-1: Called Strike 2-2: Foul Ball, location: 2F 2-2: Fielders Choice at 2nd, 4-6 (Groundball, 4)
|
Batting: RHB Gonzalo Ángel
|
0-0: Grounds into double play, 6-4-3 (Groundball, 6)
|
Bottom of the 7th over - 0 runs, 0 hits, 0 errors, 0 left on base; Houston 3 - Gryfindor 7 |
TOP OF THE 8TH |
Houston BC batting - Pitching for Gryfindor Braves : LHP Jorge Cedeño
|
Batting: LHB Dawit Lihalakha
|
0-0: Fly out, F3 (Popup, 23F)
|
Batting: RHB Habbo Allaart
|
0-0: Called Strike 0-1: Ball 1-1: Ball 2-1: Ball 3-1: Foul Ball, location: 2F 3-2: Ground out 6-3 (Groundball, 6)
|
Batting: RHB Chris Harrell
|
0-0: Ball 1-0: Called Strike 1-1: Called Strike 1-2: Strikes out swinging
|
Top of the 8th over - 0 runs, 0 hits, 0 errors, 0 left on base; Houston 3 - Gryfindor 7 |
BOTTOM OF THE 8TH |
Gryfindor Braves batting - Pitching for Houston BC : LHP Stanton Miranda
|
Batting: LHB Cris Gonzáles
|
0-0: Ball 1-0: Fly out, F7 (Flyball, 7)
|
Batting: RHB Javier López
|
0-0: Called Strike 0-1: Ball 1-1: Ground out 5-3 (Groundball, 56S)
|
Batting: RHB Jeff Green
|
0-0: Ball 1-0: Foul Ball, location: 2F 1-1: Ball 2-1: Foul Ball, location: 2F 2-2: Foul Ball, location: 2F 2-2: Ground out 5-3 (Groundball, 56S)
|
Bottom of the 8th over - 0 runs, 0 hits, 0 errors, 0 left on base; Houston 3 - Gryfindor 7 |
TOP OF THE 9TH |
Houston BC batting - Pitching for Gryfindor Braves : LHP Jorge Cedeño
|
Batting: RHB Dennis Morrow
|
0-0: Called Strike 0-1: Swinging Strike 0-2: Foul Ball, location: 2F 0-2: Foul Ball, location: 2F 0-2: Foul Ball, location: 2F 0-2: Ball 1-2: Ball 2-2: Foul Ball, location: 2F 2-2: Ball 3-2: Foul Ball, location: 2F 3-2: Foul Ball, location: 2F 3-2: Base on Balls
|
Pitching: LHP Suezo Amano
|
|
Batting: RHB Phil Dougherty
|
0-0: Ball 1-0: Fly out, F9 (Flyball, 9LS)
|
Batting: SHB Ricardo Pérez
|
0-0: Ball 1-0: Ball 2-0: Ball 3-0: Called Strike 3-1: Fly out, F9 (Line Drive, 89M)
|
Batting: RHB Marvin Hayes
|
0-0: Ball 1-0: Foul Ball, location: 2F 1-1: Ball 2-1: Ball 3-1: Base on Balls Dennis Morrow to second
|
Batting: LHB Lee Hart
|
0-0: Ball 1-0: Called Strike 1-1: Ball 2-1: SINGLE (Line Drive, 4D) Dennis Morrow to third Marvin Hayes to second
|
Batting: RHB George Zeek
|
0-0: Swinging Strike 0-1: Ball 1-1: Swinging Strike 1-2: Strikes out swinging
|
Top of the 9th over - 0 runs, 1 hit, 0 errors, 3 left on base; Houston 3 - Gryfindor 7 |
|